 Dungeon Crawl Stone Soup version 0.31-a0-198-g2ad674f65e (webtiles) character file.

Game seed: 1071803452068833860

75 qw the Shooter (level 4, -3/25 HPs)
             Began as a Deep Elf Hunter on June 25, 2023.
             Slain by Robin
             ... wielding a +0 whip
              (4 damage)
             ... on level 2 of the Dungeon.
             The game lasted 00:00:33 (1338 turns).

qw the Shooter (Deep Elf Hunter)                    Turns: 1338, Time: 00:00:34

Health: -3/25      AC:  5    Str: 10    XL:     4   Next: 11%
Magic:  6/6        EV: 11    Int: 14    God:
Gold:   83         SH:  0    Dex: 18    Spells: 3/3 levels left

rFire   . . .        Y - +0 shortbow
rCold   . . .        (shield currently unavailable)
rNeg    . . .        d - +0 ring mail
rPois   .            (no helmet)
rElec   .            (no cloak)
rCorr   .            (no gloves)
SInv    .            (no boots)
Will    .....        (no amulet)
Stlth   +            (no ring)
HPRegen 0.24/turn    (no ring)
MPRegen 0.10/turn

%: no passive effects
@: no status effects
A: no striking features
a: no special abilities


You were on level 2 of the Dungeon.
You visited 1 branch of the dungeon, and saw 2 of its levels.

You collected 83 gold pieces.


   Skills:
 - Level 1.5 Fighting
 + Level 7.5 Ranged Weapons
 - Level 2.4 Dodging
 - Level 1.2 Stealth


You had 3 spell levels left.
You didn't know any spells.
Your spell library was empty.

Inventory:

Hand Weapons
 Y - a +0 shortbow (weapon)
Armour
 d - a +0 ring mail (worn)
Jewellery
 c - an amulet of reflection
Potions
 a - a potion of might {unknown}
 b - a potion of mutation {unknown}
 f - 2 potions of curing {unknown}
 g - 2 potions of resistance {unknown}

Dungeon Overview and Level Annotations

Branches:
Dungeon (2/15)

Altars:

Annotations:
D:2 Robin


Message History

Robin is heavily wounded.
The goblin no longer looks unusually strong. x2
The hobgoblin hits you. Robin hits you with a +0 whip.
The goblin barely misses you.
1330 ||| DRINKING potion of heal wounds.
You feel much better. Robin misses you. The hobgoblin closely misses you.
The goblin misses you.
You shoot an arrow.
The arrow hits Robin but does no damage.
Robin is heavily wounded.
The hobgoblin no longer looks unusually strong.
The hobgoblin barely misses you. Robin closely misses you.
The goblin closely misses you.
You shoot an arrow. The arrow closely misses Robin.
Robin hits you but does no damage. The hobgoblin hits you.
The goblin hits you but does no damage.
You shoot an arrow. The arrow closely misses Robin.
Robin closely misses you. The hobgoblin barely misses you.
The goblin barely misses you. The hobgoblin barely misses you.
The goblin closely misses you. Robin hits you but does no damage.
You shoot an arrow. The arrow completely misses Robin.
Robin hits you with a +0 whip. The hobgoblin hits you.
The goblin closely misses you.
You shoot an arrow. The arrow hits Robin.
Robin is heavily wounded.
The hobgoblin misses you.
Robin roars a battlecry!
The goblins go into a battle-frenzy!
The goblin barely misses you.
You shoot an arrow. The arrow hits Robin.
Robin is severely wounded.
Robin hits you with a +0 whip. The hobgoblin closely misses you.
The goblin barely misses you.
You shoot an arrow. The arrow hits Robin.
Robin is severely wounded.
The hobgoblin hits you. Robin barely misses you.
The goblin hits you with a +0 club.
You shoot an arrow. The arrow completely misses Robin.
Robin hits you with a +0 whip.
You die...

<.# #...#
..# #.###
### #.#
#.#
####.###
#......#
#.##.#.#
# #..#g#
#.##@#
....gggg#
+###.#g##
#..g #.).
#.#. #)#.
#.#.


You could see Robin, 2 hobgoblins and 4 goblins.

Vanquished Creatures
  A gnoll (D:1)
  An adder (D:2)
  2 worms (D:2)
  2 dart slugs (D:1)
  4 ball pythons
  7 bats
  6 endoplasms
  3 giant cockroaches
  7 goblins
  3 hobgoblins (D:2)
  A frilled lizard (D:1)
  4 kobolds
  3 rats
44 creatures vanquished.

Notes
Turn   | Place    | Note
-------+----------+-------------------------------------------
     0 | D:1      | qw the Deep Elf Hunter began the quest for the Orb.
     0 | D:1      | Reached XP level 1. HP: 12/12 MP: 3/3
     0 | D:1      | 0 ||| qw: Version: 0.3-a-22-g0ed2b0b
     0 | D:1      | 0 ||| qw: Game counter: 4972
     0 | D:1      | 0 ||| qw: Melee chars always use a shield: true
     0 | D:1      | 0 ||| qw: God list: Okawaru
     0 | D:1      | 0 ||| qw: Allow faded altars: false
     0 | D:1      | 0 ||| qw: Do Orc after clearing Dungeon:15 true
     0 | D:1      | 0 ||| qw: Do second Lair branch before Depths: true
     0 | D:1      | 0 ||| qw: Lair rune preference: random
     0 | D:1      | 0 ||| qw: Goals: Normal
     0 | D:1      | 0 ||| PLANNING D:1-11
   134 | D:1      | 134 ||| FLEEEEING.
   149 | D:1      | Reached skill level 6 in Ranged Weapons
   149 | D:1      | Reached XP level 2. HP: 16/16 MP: 4/4
   542 | D:1      | Reached XP level 3. HP: 20/20 MP: 5/5
   850 | D:1      | 850 ||| UPGRADING to +0 ring mail.
   860 | D:1      | 860 ||| DROPPING +0 leather armour.
   861 | D:1      | 861 ||| DROPPING ring of flight.
   862 | D:1      | 862 ||| READING scroll labelled VOPECZAJUH.
   863 | D:1      | 863 ||| READING scroll labelled TANOKH FESTRIY.
   866 | D:1      | 866 ||| READING scroll labelled GUERCH WIYSTRUELL.
   867 | D:1      | 867 ||| READING scroll labelled SISHIOMEESCH.
   868 | D:1      | 868 ||| DROPPING scroll of butterflies.
   870 | D:1      | 870 ||| Stepping ~*~*~tactically~*~*~ (cloud).
   871 | D:1      | HP: 5/20 [poisoned by you (poison gas)]
   874 | D:1      | HP: 2/20 [poisoned by you (poison gas)]
   984 | D:2      | Reached skill level 7 in Ranged Weapons
  1309 | D:2      | Reached XP level 4. HP: 25/25 MP: 6/6
  1313 | D:2      | Noticed Robin
  1329 | D:2      | HP: 5/25 [hobgoblin[Robin] (3)]
  1329 | D:2      | HP: 2/25 [Robin/+0 whip (3)]
  1330 | D:2      | 1330 ||| DRINKING potion of heal wounds.
  1337 | D:2      | HP: 4/25 [hobgoblin[Robin] (3)]
  1337 | D:2      | HP: 1/25 [goblin/+0 club[Robin] (3)]
  1338 | D:2      | Slain by Robin

Levels and vault maps discovered:
D:1:      evilmike_arrival_plus, layout_basic, minmay_box_of_dots
D:2:      layout_loops_cross, serial_glass, glass_columns_a, glass_columns_b,
          minmay_statues_item, nrook_mini_vaults, uniq_robin

Skill      XL: |  1  2  3 |
---------------+----------+-----
Ranged Weapons | 6 7 |  7.5
Fighting       | |  1.5
Dodging        | |  2.4
Stealth        | |  1.2

Action                     |  1- 3 |  4- 6 || total
---------------------------+-------+-------++-------
   Fire: Shortbow          |    78 |    27 ||   105
    Use: Scroll            |     4 |       ||     4
         Potion            |       |     1 ||     1
 Armour: Leather armour    |     8 |       ||     8
         Ring mail         |       |     9 ||     9
  Dodge: Dodged            |    11 |    26 ||    37

Table legend:
 A = Non-vault XP
 B = Vault XP
 C = Vault XP percentage of total XP
 D = Non-vault monster count
 E = Vault monster count
 F = Vault count percentage of total count
                 A         B        C        D         E       F
            +---------+---------+-------+---------+---------+-------
      Total |      97 |      11 |  10.2 |      38 |       6 |  13.6
            +---------+---------+-------+---------+---------+-------
        D:1 |      57 |       3 |   5.0 |      24 |       2 |   7.7
        D:2 |      40 |       8 |  16.7 |      14 |       4 |  22.2
            +---------+---------+-------+---------+---------+-------
